[Event "Velammal AICF Women GM 2024"]
[Site "Chennai"]
[Date "2024.03.21"]
[Round "5.2"]
[White "Sedina, Elena"]
[Black "Mahalakshmi, M."]
[Result "1-0"]
[ECO "B12"]
[WhiteElo "2161"]
[BlackElo "2242"]
[Annotator "TA"]
[PlyCount "111"]
[EventDate "2024.03.18"]
[EventType "tourn"]
[EventCountry "IND"]
[SourceTitle "playchess.com"]
[Source "ChessBase"]
[SourceQuality "1"]
[TimeControl "5400+30"]

1. e4 c6 2. d4 d5 3. e5 Bf5 4. h4 a6 5. h5 h6 6. c3 {[%emt 0:09:58] B12: Caro-Kann (Vorstoß-Variante).} e6 7. Bd3 $146 ({Predecessor:} 7. f3 Bh7 8. f4 Nd7 9. Bd3 Bxd3 10. Qxd3 c5 11. Nf3 Qb6 12. b3 Ne7 13. Be3 {1-0 Lobanov,I (1948)-Rasstriguine,A (2111) Moscow op-B 2009 (6)}) 7... Ne7 8. Ne2 Nd7 9. Ng3 Bxd3 10. Qxd3 c5 11. O-O Nc6 12. Be3 Be7 13. f4 Qb6 14. Nd2 O-O-O 15. f5 c4 16. Qe2 Qxb2 17. Rfc1 Qb6 18. Rab1 Qa5 19. Qg4 Ba3 20. fxe6 fxe6 21. Re1 Rde8 22. Ne2 $1 Nd8 23. Rf1 (23. Qxg7 $2 Reg8 $19) 23... Rhg8 24. Nf3 Qa4 25. Bd2 Qc2 26. Nf4 Kc7 27. Kh1 (27. Ra1 $15 {ist überlegen.}) 27... Nf8 $17 28. Qh3 (28. Rfd1 $142) 28... Nf7 29. Qg4 Kc6 (29... Kb8 $17) 30. Rfd1 ({Günstiger ist} 30. Rbe1 $15) 30... b5 $17 31. Be1 g5 32. Bd2 (32. hxg6 $2 Nxg6 33. Nxe6 Nh4 $19 (33... Qxa2 $2 34. Ra1 $18) (33... Ngxe5 34. dxe5 Qxa2 35. Nfd4+ Kb6 36. Qf3 $18)) 32... Qf5 (32... gxf4 33. Qxg8 Qf5 34. Kg1 $11) 33. Qg3 Nd7 34. Ne2 Nd8 35. Rf1 Qc2 36. Rbd1 Ref8 (36... Qxa2 37. Ra1 Qb3 38. Nc1 Bxc1 39. Rfxc1 $11) 37. Qg4 $2 (37. Rfe1 {ist wohl besser.}) 37... Rf7 (37... Qxa2 $2 38. Ra1 Qb2 39. Rfd1 $19) 38. Ng3 (38. Rfe1 $142) 38... Rgf8 $19 ({Keinesfalls} 38... Qxa2 39. Kh2 $19) 39. Kg1 Bb2 (39... Qxa2 40. Qh3 $19) 40. Ne1 Rxf1+ 41. Nxf1 Qe4 $2 (41... Qh7 $19 {Droht stark ...Nb6.} 42. Qe2 Nb6 43. Bxg5 Bxc3 (43... hxg5 $2 44. Qxb2 Qxh5 45. Nf3 $19)) 42. Qxe4 $11 dxe4 43. Nc2 {[%emt 0:00:31] [#]} b4 $2 (43... Nb6 $1 $11 {und Schwarz steht sicher.} 44. Ng3 e3 45. Nxe3 Nd5) 44. Nxb4+ $18 ({Schwächer ist} 44. cxb4 c3 $16) 44... Kc7 45. Rb1 ({Jedoch nicht} 45. Nxa6+ Kc6 46. Ne3 Nb6) 45... Ba3 46. Nxa6+ Kc6 47. Nb4+ Kc7 48. Ng3 Nb6 49. Nxe4 Nb7 50. Bc1 Bxc1 51. Rxc1 Rf4 52. Nf6 Na4 (52... Nd7 $142 53. Nxd7 Kxd7) 53. d5 $18 Nbc5 54. dxe6 Kd8 55. Nc6+ Kc7 56. e7 1-0

[Event "Velammal AICF Women GM 2024"]
[Site "Chennai"]
[Date "2024.03.21"]
[Round "5.3"]
[White "Maisuradze, Nino"]
[Black "Velpula Sarayu"]
[Result "1/2-1/2"]
[ECO "A69"]
[WhiteElo "2254"]
[BlackElo "2389"]
[Annotator "TA"]
[PlyCount "77"]
[EventDate "2024.03.18"]
[EventType "tourn"]
[EventCountry "IND"]
[SourceTitle "playchess.com"]
[Source "ChessBase"]
[SourceQuality "1"]
[TimeControl "5400+30"]

1. d4 Nf6 2. c4 g6 3. Nc3 Bg7 4. e4 d6 5. f4 c5 6. d5 O-O 7. Nf3 e6 8. Be2 exd5 9. cxd5 Nbd7 10. O-O Re8 11. Nd2 c4 12. Kh1 (12. Nxc4 Nxe4 13. Bd2 Ndc5 $17) 12... b5 13. Nxb5 Nxe4 14. Nxe4 {[%emt 0:06:26] The position is equal.} (14. Bxc4 Nb6 15. Nxe4 Nxc4 $17) 14... Rxe4 15. Nxd6 Rd4 16. Qc2 Nb6 17. Nxc8 Rxc8 18. Be3 Rxd5 19. Rad1 Qe7 20. Bxb6 Rxd1 21. Rxd1 axb6 22. Bxc4 Qc7 23. Rc1 {[%emt 0:03:30][%cal Oc4f7] [#] Threatens to win with Bxf7+!} Rd8 (23... Qxf4 $2 {too greedy.} 24. Bxf7+ Kxf7 25. Qxc8 $18) 24. b3 Bh6 ({Much weaker is} 24... Qxf4 25. Rf1 Qe3 26. Rf3 $14 (26. Bxf7+ Kh8 $14)) (24... b5 $5 25. Be2 Qxf4 $11) 25. g3 Bf8 26. Bf1 Qa7 27. a4 Bc5 28. Rd1 Qb7+ 29. Bg2 Qe7 30. Bd5 (30. Bf3 {simplifies} Rxd1+ 31. Qxd1 Qe3 32. Kg2) 30... Kg7 31. Kg2 Qe3 32. Qb2+ f6 {[%emt 0:00:48][%cal Od8d5] [#] ...Rxd5! would now be deadly.} 33. Qd2 Qe8 34. Qd3 Rd7 35. Qb5 {[%emt 0:05:22] Black must now prevent Bc6.} Qd8 {[%emt 0:01:59] Black is weak on the light squares} 36. Qc4 Qe7 37. Qd3 Qe8 $1 38. Qb5 {[%emt 0:00:53] Strongly threatening Bc6.} Qd8 $1 39. Qd3 {[%emt 0:01:58] Weighted Error Value: White=0.05 (flawless) /Black=0.02 (flawless) .  Mistake:       	White=1     	---        Inaccurate:     	---       	Black=1      OK:         	White=12    	Black=11     Best:        	White=3     	---        Strong:       	---       	Black=2} (39. Qa6 $14 {deserves consideration.}) 1/2-1/2

[Event "Velammal AICF Women GM 2024"]
[Site "Chennai"]
[Date "2024.03.21"]
[Round "5.4"]
[White "Gomes, Mary Ann"]
[Black "Rindhiya V"]
[Result "1-0"]
[ECO "A11"]
[WhiteElo "2322"]
[BlackElo "1953"]
[Annotator "TA"]
[PlyCount "63"]
[EventDate "2024.03.18"]
[EventType "tourn"]
[EventCountry "IND"]
[SourceTitle "playchess.com"]
[Source "ChessBase"]
[SourceQuality "1"]
[TimeControl "5400+30"]

1. Nf3 d5 2. e3 Nf6 3. c4 c6 4. Nc3 e6 5. b3 Nbd7 6. Bb2 Bd6 7. Qc2 O-O 8. Be2 Re8 9. h4 e5 10. cxd5 cxd5 11. Nb5 {[%emt 0:00:05] White has an edge.} Nb6 12. Nxd6 Qxd6 13. Rc1 Re7 {[%emt 0:16:32] [#]} (13... d4 $11) 14. Qc5 $1 $16 Qxc5 15. Rxc5 Nbd7 16. Rc2 {White is more active.} e4 17. Nd4 Ne5 18. O-O Bg4 (18... a6 $16 19. Ba3 Re8) 19. f3 $18 exf3 20. gxf3 Bh3 21. Rfc1 Ng6 22. Kf2 Be6 23. Rh1 h5 24. Rg1 Kh8 25. Ba3 Ree8 26. Rc7 {[%emt 0:01:42] [#] And now Nxe6 would win.} Nxh4 $2 (26... Bd7 27. Rxb7 Nxh4) 27. Nxe6 {[%emt 0:04:32] White is clearly winning.} Rxe6 28. Rxf7 Nf5 29. Bd3 Nh6 30. Rxb7 Ne8 {[%emt 0:00:43] Black is weak on the dark squares} 31. Bb2 {[%emt 0:00:49] A strong pair of Bishops.} Nf6 32. Rgxg7 {[%emt 0:00:58] Black got outplayed after the opening.   Weighted Error Value: White=0.09 (flawless) /Black=0.51.  Mistake:       	---       	Black=3      Inaccurate:     	White=1     	Black=3      OK:         	White=12    	Black=4      Best:        	White=2     	Black=1      Strong:       	White=1     	---} 1-0

[Event "Velammal AICF Women GM 2024"]
[Site "Chennai"]
[Date "2024.03.21"]
[Round "5.5"]
[White "Franco Valencia, Angela"]
[Black "Uuriintuya, Uurtsaikh"]
[Result "0-1"]
[ECO "B34"]
[WhiteElo "2095"]
[BlackElo "2288"]
[Annotator "TA"]
[PlyCount "94"]
[EventDate "2024.03.18"]
[EventType "tourn"]
[EventCountry "IND"]
[SourceTitle "playchess.com"]
[Source "ChessBase"]
[SourceQuality "1"]
[TimeControl "5400+30"]

1. e4 c5 2. Nf3 Nc6 3. d4 cxd4 4. Nxd4 g6 5. Nxc6 bxc6 6. Bc4 Bg7 7. Nc3 d6 8. Qf3 Nf6 9. e5 dxe5 10. Qxc6+ {[%emt 0:00:06] The position is equal.} Bd7 11. Qa6 O-O 12. O-O Qc7 13. Bg5 Bc6 14. Bxf6 (14. Rad1 $5) 14... exf6 15. Nd5 Bxd5 16. Bxd5 Rab8 17. b3 f5 (17... Qxc2 $6 18. Rac1 (18. Qxa7 Rbd8 $16) 18... Qd2 19. Rfd1 $16) 18. c4 e4 19. Rad1 Bc3 20. Rc1 Be5 21. g3 Bd4 {[%emt 0:00:16] Wards off c5} 22. Kg2 Rfc8 23. Rfd1 Bc5 24. Qf6 (24. Rb1 $5) 24... Rb6 25. Qg5 Re8 26. Re1 Kg7 27. Re2 Qe5 28. Rce1 h6 {[%emt 0:03:14] Really sharp!} 29. Qc1 {[%emt 0:00:23] White is weak on the dark squares} g5 30. Qc2 Qf6 31. g4 fxg4 $17 32. Rxe4 $2 (32. Bxe4 $17 {was necessary.} Qf4 33. Bd5 Rxe2 34. Rxe2) 32... Rxe4 (32... Qf3+ $1 $19 33. Kf1 Qh3+ 34. Ke2 (34. Kg1 $2 Rf6 $19) 34... Rf6 35. Rxe8 Rxf2+ (35... Qxh2 $2 36. Kd1 $18) 36. Kd1 Rxc2 37. Kxc2 Qxh2+ 38. R1e2 Qf4) 33. Bxe4 Qf4 {[%emt 0:00:28] ...Rf6 is the strong threat.} 34. Re2 Rf6 {[%emt 0:00:19] ...Bd6 would now be deadly. Black has more active pieces.} 35. Qd2 Qb8 36. Bb1 Qb7+ 37. Kg1 {[%emt 0:03:13] [#]} (37. Qd5 $17 Qxd5+ 38. cxd5) 37... g3 $1 $19 38. hxg3 {[%emt 0:00:25] Hoping for Qd3.} Qf3 39. Qc2 $2 (39. Be4 Qxg3+ 40. Kf1) 39... Qxg3+ 40. Kf1 Qh3+ (40... Kf8 $142 {( -> ...Qh3+)} 41. Qf5 Rxf5 42. Bxf5 Qf4) 41. Kg1 {[%emt 0:00:36] Threatening mate with Qh7+.} Qg3+ $40 {[%emt 0:00:59][%mdl 128] Black attacks.} (41... Kf8 $142 42. Qe4 Qg3+ 43. Qg2 Qf4 (43... Bxf2+ 44. Rxf2 Qe3 45. Qf1 $11)) 42. Kf1 {[%emt 0:00:05] [#] Intending Qh7+ and mate.} Kf8 $1 {[%emt 0:00:48] Threatens to win with ...Qh3+.} 43. b4 Qh3+ {[%emt 0:00:07] Black mates.} (43... Bxb4 44. Qh7 Qh3+ 45. Kg1 Qg4+ 46. Kf1 $11) 44. Kg1 {[%emt 0:00:40] [#]} Rf4 $1 45. Re4 (45. Qe4 Rg4+) 45... Rxf2 46. Re8+ Kxe8 47. Qe4+ Kf8 {[%emt 0:00:13] Weighted Error Value: White=0.37/Black=0.41.  Loses game:     	White=1     	---        Mistake:       	White=3     	Black=1      Inaccurate:     	White=4     	Black=2      OK:         	White=10    	Black=10     Best:        	White=4     	Black=4      Strong:       	---       	Black=1      Brilliant:      	---       	Black=1} 0-1

[Event "Velammal AICF Women GM 2024"]
[Site "Chennai"]
[Date "2024.03.21"]
[Round "5.6"]
[White "Monnisha G K"]
[Black "Enkhtuul, Altan-Ulzii"]
[Result "1/2-1/2"]
[ECO "B03"]
[WhiteElo "2202"]
[BlackElo "2195"]
[Annotator "RC"]
[PlyCount "116"]
[EventDate "2024.03.18"]
[EventType "tourn"]
[EventCountry "IND"]
[SourceTitle "playchess.com"]
[Source "ChessBase"]
[SourceQuality "1"]
[TimeControl "5400+30"]

1. e4 Nf6 2. e5 Nd5 3. d4 d6 4. c4 Nb6 5. f4 dxe5 6. fxe5 Nc6 7. Be3 Bf5 8. Nc3 e6 9. Nf3 Bb4 10. Be2 Na5 11. Nd2 O-O 12. O-O c5 13. a3 Bxc3 14. bxc3 Bg6 15. Rf4 Rc8 16. Rc1 Qc7 17. h4 cxd4 18. cxd4 Nd5 19. Rf3 Nxe3 20. Rxe3 f5 21. h5 Be8 22. Qf1 Rd8 23. Qf4 Qb6 24. Rd3 Nc6 25. Nb3 a5 26. c5 Qc7 27. Nd2 Ne7 28. Nc4 Nd5 29. Qg5 Bb5 30. Rb3 h6 31. Qd2 Bxc4 32. Bxc4 a4 33. Rb2 Qf7 34. Rcb1 Qxh5 35. Rxb7 f4 36. Be2 f3 37. Bxf3 Rxf3 38. gxf3 Kh7 39. Qg2 Rg8 40. Qg4 Qe8 41. R1b2 Ne3 42. Qe4+ Nf5 43. c6 Qa8 44. c7 Qa5 45. R2b4 Rc8 46. Qc2 h5 47. Qxa4 Qd5 48. Qb3 Qd7 49. Qc2 Qe7 50. Qg2 Qh4 51. Qf2 Ng3 52. Qc2+ Kh6 53. Qg2 Nf5 54. Rb8 Qe1+ 55. Kh2 Qh4+ 56. Kg1 Qe1+ 57. Qf1 Qg3+ 58. Qg2 Qe1+ 1/2-1/2

[Event "Velammal AICF Women GM 2024"]
[Site "Chennai"]
[Date "2024.03.21"]
[Round "6.1"]
[White "Bommini Mounika Akshaya"]
[Black "Enkhtuul, Altan-Ulzii"]
[Result "0-1"]
[ECO "A72"]
[WhiteElo "2134"]
[BlackElo "2195"]
[Annotator "RC"]
[PlyCount "78"]
[EventDate "2024.03.18"]
[EventType "tourn"]
[EventCountry "IND"]
[SourceTitle "playchess.com"]
[Source "ChessBase"]
[SourceQuality "1"]
[TimeControl "5400+30"]

1. d4 Nf6 2. c4 c5 3. d5 e6 4. Nc3 exd5 5. cxd5 d6 6. e4 g6 7. Be2 Bg7 8. Nf3 O-O 9. Be3 b5 10. e5 dxe5 11. Bxc5 Re8 12. Bxb5 Nbd7 13. Be3 Ng4 14. O-O Nxe3 15. fxe3 Qb6 16. Qe2 Rb8 17. Nd2 a6 18. Nc4 Qc7 19. Bc6 f5 20. e4 f4 21. Rac1 Rf8 22. Ba4 Nf6 23. d6 Qc5+ 24. Kh1 Bg4 25. Qd3 Be6 26. Bb3 Ng4 27. Nd1 Kh8 28. Rc2 Rbd8 29. Nf2 Bxc4 30. Bxc4 Ne3 31. Rc3 Nxf1 32. Qxf1 Rxd6 33. Bd5 Qd4 34. Qe2 Rb6 35. Nd1 Rxb2 36. Nxb2 Qxc3 37. h3 f3 38. gxf3 Rxf3 39. Kg2 Rg3+ 0-1

[Event "Velammal AICF Women GM 2024"]
[Site "Chennai"]
[Date "2024.03.21"]
[Round "6.2"]
[White "Uuriintuya, Uurtsaikh"]
[Black "Monnisha G K"]
[Result "1-0"]
[ECO "C50"]
[WhiteElo "2288"]
[BlackElo "2202"]
[Annotator "TA"]
[PlyCount "111"]
[EventDate "2024.03.18"]
[EventType "tourn"]
[EventCountry "IND"]
[SourceTitle "playchess.com"]
[Source "ChessBase"]
[SourceQuality "1"]
[TimeControl "5400+30"]

1. e4 e5 2. Nf3 Nc6 3. Bc4 Nf6 4. d3 Bc5 5. O-O a6 6. Nbd2 h6 7. Re1 d6 8. a4 {[%emt 0:01:55] Die Stellung ist ausgeglichen.} Ba7 9. c3 O-O 10. h3 Ne7 11. Bb3 Ng6 12. Nf1 Be6 13. Bc2 Re8 14. d4 c5 15. a5 ({Besser ist} 15. d5 $14 Bd7 16. a5) 15... cxd4 16. cxd4 Nh7 (16... Qc8 $11) 17. Be3 $14 Ng5 ({Vorzuziehen ist} 17... Bd7 $14) 18. Nxg5 $16 hxg5 19. d5 Bd7 20. Ba4 Nf4 (20... Bxe3 $14 21. Nxe3 Rc8) 21. Bxa7 Rxa7 22. Ne3 Bxa4 23. Rxa4 b5 {[%emt 0:05:35] Pariert Nc4.} (23... Ra8 $16 24. g3 Ng6) 24. axb6 $18 Qxb6 25. Nc4 (25. g3 $18) 25... Qc5 $16 26. Re3 Rb8 27. g3 (27. Kh2 $16) 27... Ng6 $2 (27... Nxh3+ $14 28. Kg2 Nxf2) 28. Qc2 Ne7 29. Rc3 Qb5 30. Nxd6 Qxb2 31. Qxb2 Rxb2 32. Nc4 Rb1+ 33. Kg2 f6 34. d6 Ng6 35. Ne3 {[%emt 0:02:52] Und Rc7 würde nun gewinnen.} Nf8 $2 (35... Rbb7 $16 {ist eine bessere Verteidigung.} 36. Rc8+ Kh7) 36. Nd5 Rd7 37. Rxa6 {[%emt 0:00:15] Schwarz muss nun Ra8 beachten.} Kf7 38. Rc8 {[%emt 0:01:42] Und jetzt Rc7 wäre schön.} Ne6 39. Ne7 (39. Rac6 $1 $18 {ist viel giftiger.}) 39... Rd1 40. Nd5 (40. Nf5 $16) 40... Rb1 $1 $18 41. Raa8 (41. Rac6 $1 $18 {und Weiss behält klar die Oberhand.}) 41... Rbb7 $16 42. Ra6 {[%emt 0:00:16] Weiß steht deutlich aktiver.} (42. Rc6 $1 $16) 42... Rb1 $18 {[%emt 0:00:01] [#]} 43. h4 (43. Rac6 $1 $18 {und der Rest ist Schweigen.}) 43... gxh4 $16 44. gxh4 Rb3 $2 {[%emt 0:00:43] [#]} (44... Rd1 $16) 45. f3 $2 (45. Rc7 $1 $18 Rb7 46. Rb6 Rbxc7 47. dxc7 Nxc7 48. Rb7 Nxd5 49. Rxd7+ Ne7 50. Kf3) 45... Nf4+ $1 $14 46. Kg3 Ne6 {[%emt 0:00:38][%mdl 8192] Wehrt Rc7 ab} (46... Nxd5 $14 47. exd5 Kg6) 47. Nc3 $2 (47. Rac6 $18) 47... Nf4 $11 48. Nd5 (48. Kf2 $11) 48... Ne6 $1 $18 49. Rc3 $2 (49. Rac6 $18 {[%cal Oc6c7] Droht R6c7! und aus.} Nf4 50. R8c7 (50. Nxf4 exf4+ 51. Kxf4 Rd3 $18)) 49... Rb1 (49... Rxc3 $14 50. Nxc3 Nd4) 50. Rcc6 $36 {[%emt 0:00:23][%mdl 2048] Schwarz steht unter starkem Druck.} Nd4 (50... Rd1 $16 51. Ra8 Kg6) 51. Rc7 $18 Ke6 (51... Rb7 52. Rb6 Ra7) 52. Raa7 {[%emt 0:00:22] Weiß steht klar auf Gewinn.} Rxc7 (52... Rd8 $142 53. Ne3 (53. Rxg7 Nf5+ 54. exf5+ Kxd5 $18) 53... f5 (53... Rb3 $2 54. Nc4 $18)) 53. dxc7 ({Und nicht} 53. Rxc7 Kxd6 54. Kg2 Ne6 $11) 53... Rg1+ 54. Kf2 Rc1 55. Nb6 Rc2+ 56. Ke3 {[%emt 0:00:13] Gewichteter Fehlerwert: Weiß=0.60/Schwarz=0.43.  Verlustzug:     	---       	Schwarz=3     Gewinn verpasst:   	Weiß=3     	---        Fehler:       	Weiß=9     	Schwarz=9     Ungenau:       	Weiß=1     	Schwarz=2     OK:         	Weiß=13    	Schwarz=12    Bester:       	Weiß=4     	Schwarz=3     Stark:        	---       	Schwarz=3} 1-0

[Event "Velammal AICF Women GM 2024"]
[Site "Chennai"]
[Date "2024.03.21"]
[Round "6.3"]
[White "Rindhiya V"]
[Black "Franco Valencia, Angela"]
[Result "1/2-1/2"]
[ECO "C78"]
[WhiteElo "1953"]
[BlackElo "2095"]
[Annotator "NA RC"]
[PlyCount "65"]
[EventDate "2024.03.18"]
[EventType "tourn"]
[EventCountry "IND"]
[SourceTitle "playchess.com"]
[Source "ChessBase"]
[SourceQuality "1"]
[TimeControl "5400+30"]

1. e4 e5 2. Nf3 Nc6 3. Bb5 a6 4. Ba4 Nf6 5. O-O b5 6. Bb3 Bc5 7. c3 d6 8. d4 Bb6 9. a4 {[%emt 0:00:10] 9.Be3 is more fashionable.} Rb8 10. a5 {[%emt 0:01:19] C78: Ruy Lopez: Archangelsk and Möller Defences.} Ba7 11. h3 h6 12. Be3 exd4 13. cxd4 O-O 14. Nbd2 Re8 15. Re1 Bb7 16. d5 Bxe3 17. Rxe3 Ne5 18. Nd4 c5 19. dxc6 Nxc6 20. Nxc6 Bxc6 21. Qe2 $146 ({Predecessor:} 21. Qc2 Bb7 22. Qd3 {½-½ Baum,J (2429)-Radovanovic,N (2427) Ustron op-A 2023 (9)}) 21... Rc8 $11 22. Bc2 Qc7 23. b4 d5 24. Re1 Bb7 25. Bd3 dxe4 26. Nxe4 Bxe4 27. Bxe4 Nxe4 28. Rxe4 Rxe4 29. Qxe4 Rd8 30. Qe7 Rd7 31. Qe8+ Kh7 32. Qe4+ g6 33. g3 1/2-1/2

[Event "Velammal AICF Women GM 2024"]
[Site "Chennai"]
[Date "2024.03.21"]
[Round "6.4"]
[White "Velpula Sarayu"]
[Black "Gomes, Mary Ann"]
[Result "0-1"]
[ECO "C11"]
[WhiteElo "2389"]
[BlackElo "2322"]
[Annotator "TA"]
[PlyCount "135"]
[EventDate "2024.03.18"]
[EventType "tourn"]
[EventCountry "IND"]
[SourceTitle "playchess.com"]
[Source "ChessBase"]
[SourceQuality "1"]
[TimeControl "5400+30"]

1. e4 e6 2. d4 d5 3. Nc3 Nf6 4. e5 Nfd7 5. f4 c5 6. Nf3 Nc6 7. Be3 Be7 8. Qd2 O-O 9. dxc5 Nxc5 10. O-O-O a6 11. Qf2 b6 12. f5 Ra7 13. Bd3 exf5 14. Bc4 dxc4 15. Rxd8 Rxd8 16. h3 Rad7 17. Qe2 b5 18. Rd1 Rxd1+ 19. Nxd1 Be6 20. Nf2 Nb4 21. a3 Nc6 22. g4 {[%emt 0:01:32] [#]} c3 (22... fxg4 $1 $15 23. Nxg4 (23. hxg4 h6) 23... Na4) 23. b4 (23. Bxc5 $11 Bxc5 24. Nd3) 23... Na4 24. gxf5 Bxf5 25. Qf1 (25. Nd3 $1 $11 {keeps the balance.}) 25... Nb2 $1 $17 26. Qe1 Nc4 27. Qxc3 a5 $1 28. Bc5 axb4 29. axb4 Ra8 $1 30. Nd4 $2 (30. Bxe7 $17 Ra3 31. Qxa3 Nxa3 32. Bc5) 30... Bg5+ 31. Kd1 Nxd4 $1 (31... N6xe5 $2 32. Nxf5 h6 33. Nd3 $18) (31... Ra3 32. Qxa3 Nxa3 33. Nxf5 Nxe5 34. Ne4 $15) 32. Qxd4 Rd8 $1 33. Bd6 Be3 $2 (33... Bf6 $1 $19 34. Ke1 (34. exf6 $2 {too greedy.} Rxd6 $19) 34... Bxe5 (34... Bxc2 35. Qc5 $16) 35. Bxe5 Rxd4 36. Bxd4 Bxc2) 34. Qh4 $11 g5 35. Qh6 $1 Nxd6 $1 36. exd6 (36. Qf6 $5 Nb7+ $8 37. Ke2 Bxf2 38. Kxf2 $11) 36... Bf4 37. Qh5 Rxd6+ 38. Nd3 Bxd3 39. cxd3 Rxd3+ 40. Kc2 Rd4 41. Kc3 ({White should play} 41. Qg4 $11) 41... Rc4+ $1 $15 42. Kb3 Bd2 43. Qe2 Bxb4 44. Qe5 h6 $1 45. Qxb5 Rf4 46. Qb8+ Bf8 47. Qc8 Kg7 48. Qc3+ Kg6 49. Qd3+ Kh5 50. Qd8 $2 {[%emt 0:02:34][%mdl 8192] [#]} (50. Qc3 $15) 50... Bg7 $2 (50... Bc5 $1 $19 {has better winning chances. ...Kh4 is the strong threat.} 51. Qc8 Bd4) 51. Qg8 $17 Be5 52. Qe8 Bd4 53. Qc6 {[%emt 0:01:29] [#]} (53. Qf8 $17) 53... f6 $1 $19 54. Kc2 $2 (54. Kc4) 54... Kh4 $19 55. Qe6 h5 56. Kd3 g4 57. hxg4 hxg4 58. Qe8 g3 59. Qh8+ Kg4 60. Qg7+ Kf3 61. Qb7+ Kf2 62. Qc7 Be5 63. Qc2+ Kg1 64. Qd1+ Rf1 65. Qe2 g2 66. Qe3+ Kh1 67. Qe4 Bh2 68. Ke2 0-1

[Event "Velammal AICF Women GM 2024"]
[Site "Chennai"]
[Date "2024.03.21"]
[Round "6.5"]
[White "Mahalakshmi, M."]
[Black "Maisuradze, Nino"]
[Result "1-0"]
[ECO "A43"]
[WhiteElo "2242"]
[BlackElo "2254"]
[Annotator "TA"]
[PlyCount "51"]
[EventDate "2024.03.18"]
[EventType "tourn"]
[EventCountry "IND"]
[SourceTitle "playchess.com"]
[Source "ChessBase"]
[SourceQuality "1"]
[TimeControl "5400+30"]

1. d4 Nf6 2. Nf3 c5 3. d5 e6 4. Nc3 b5 5. dxe6 fxe6 6. Nxb5 Qa5+ 7. Nc3 d5 {[%emt 0:06:18] [#]} (7... Be7 $14) 8. Bd2 $1 $16 {[%emt 0:01:43][%cal Oc3d5] Threatens to win with Nxd5! White is better.} Qb6 9. g3 (9. e4 $16) 9... Bd6 (9... Nbd7 $14 {feels stronger.}) 10. Bg2 Bb7 11. a4 Nbd7 12. O-O O-O {[%emt 0:00:41][%cal Oa7a6] [#]} 13. Nb5 $1 Bb8 14. b4 Bc6 ({Better is} 14... a6 $14) 15. Rb1 Qa6 16. bxc5 Qxa4 (16... Nxc5 {might work better.} 17. Bb4 Nxa4) 17. Nbd4 $18 {[%emt 0:01:48] Ra1 would now be deadly.} Rc8 18. Nxe6 a5 19. Bc3 Qc4 20. Bd4 Re8 21. Bh3 a4 22. Qd2 {[%emt 0:04:31][%cal Oe6g7] And now Nxg7! would win.} Ne4 23. Qe3 a3 24. Nxg7 Re7 25. Qh6 {[%emt 0:02:10] Threatening mate with Nf5.} Ndxc5 26. Qxc6 {[%emt 0:00:33] Weighted Error Value: White=0.04 (flawless) /Black=0.82.  Mistake:       	White=1     	Black=4      Inaccurate:     	---       	Black=1      OK:         	White=10    	Black=4      Best:        	White=1     	---        Strong:       	White=1     	---} (26. Bf5 $142 Nb3 27. Qxh7+ (27. Rxb3 Qxd4 28. Bxh7+ Kf8 $18) 27... Kf8 28. Qh8+ (28. Rxb3 Qxd4 29. Nxd4 Ng5 30. Nge6+ Nxe6 31. Nxe6+ Rxe6 32. Bxe6 Ke8 33. Rb7 Bd6 34. Qf7+ Kd8 35. Rd7+ Bxd7 36. Qxd7#) 28... Kf7 29. Bg6+ Kxg6 30. Qh5#) 1-0

[Event "Velammal AICF Women GM 2024"]
[Site "Chennai"]
[Date "2024.03.21"]
[Round "6.6"]
[White "Chitlange Sakshi"]
[Black "Sedina, Elena"]
[Result "1/2-1/2"]
[ECO "D19"]
[WhiteElo "2175"]
[BlackElo "2161"]
[Annotator "RC"]
[PlyCount "68"]
[EventDate "2024.03.18"]
[EventType "tourn"]
[EventCountry "IND"]
[SourceTitle "playchess.com"]
[Source "ChessBase"]
[SourceQuality "1"]
[TimeControl "5400+30"]

1. d4 d5 2. c4 c6 3. Nf3 Nf6 4. Nc3 dxc4 5. a4 Bf5 6. e3 e6 7. Bxc4 Bb4 8. O-O Nbd7 9. Qe2 Bg6 10. e4 O-O 11. Bd3 Bh5 12. e5 Nd5 13. Nxd5 cxd5 14. Qe3 Be7 15. Bd2 Bg6 16. Bxg6 fxg6 17. Rfc1 Nb8 18. b4 Nc6 19. b5 Na5 20. Bxa5 Qxa5 21. Qc3 Qxc3 22. Rxc3 Rfc8 23. Rac1 Rxc3 24. Rxc3 Bd8 25. Kf1 Kf7 26. Ke2 Ke7 27. Ne1 a6 28. Nd3 axb5 29. axb5 Ra5 30. Rb3 Bb6 31. Nc5 Ra2+ 32. Ke3 Bxc5 33. dxc5 Ra4 34. Kd3 Kd7 1/2-1/2

[Event "Velammal AICF Women GM 2024"]
[Site "Chennai"]
[Date "2024.03.22"]
[Round "7.1"]
[White "Sedina, Elena"]
[Black "Bommini Mounika Akshaya"]
[Result "1/2-1/2"]
[ECO "B22"]
[WhiteElo "2161"]
[BlackElo "2134"]
[Annotator "RC"]
[PlyCount "97"]
[EventDate "2024.03.18"]
[EventType "tourn"]
[EventCountry "IND"]
[SourceTitle "playchess.com"]
[Source "ChessBase"]
[SourceQuality "1"]
[TimeControl "5400+30"]

1. e4 c5 2. Nf3 e6 3. c3 Nf6 4. e5 Nd5 5. Bc4 d6 6. d4 cxd4 7. cxd4 Be7 8. O-O O-O 9. Qe2 dxe5 10. dxe5 Bd7 11. Rd1 Bc6 12. Nd4 Bc5 13. Nc3 Nxc3 14. bxc3 Qc7 15. Bf4 Ba4 16. Rd3 Bxd4 17. Rxd4 b5 18. Bb3 Qxc3 19. Rad1 Bxb3 20. axb3 Nc6 21. R4d3 Qb4 22. Bg5 Qc5 23. Re1 Ne7 24. Rc1 Qa3 25. Rcd1 Ng6 26. h4 Qc5 27. Re1 h6 28. h5 hxg5 29. hxg6 fxg6 30. Rd7 Rf5 31. Qe3 Qxe3 32. Rxe3 a5 33. Rb7 a4 34. Rxb5 a3 35. Re1 g4 36. Ra1 g3 37. fxg3 Kh7 38. g4 Rf4 39. g5 Rf5 40. b4 Ra4 41. Ra5 Rxb4 42. R1xa3 Rb1+ 43. Kh2 Rxg5 44. Rh3+ Kg8 45. Ra8+ Kf7 46. Ra7+ Kg8 47. Ra8+ Kf7 48. Ra7+ Kg8 49. Ra8+ 1/2-1/2